 Dungeon Crawl Stone Soup version 0.32-a0-7-ge934b4519a (webtiles) character file.

Game seed: 4739568335301268182

386031 gummybears the Executioner (level 21, -4/180 (186) HPs)
             Began as a Minotaur Monk on Jan 12, 2024.
             Was the Champion of Jiyva.
             Shot with a bolt by a yaktaur captain (28 damage)
             ... on level 3 of the Vaults on Jan 13, 2024.
             The game lasted 02:51:11 (35972 turns).

gummybears the Executioner (Minotaur Monk)         Turns: 35972, Time: 02:51:12

HP:   -4/180 (186)  AC: 25    Str: 33    XL:     21   Next: 45%
MP:   0/29          EV: 17    Int: 13    God:    Jiyva [******]
Gold: 2897          SH:  9    Dex: 13    Spells: 20/20 levels left

rFire   + + +        N - +5 war axe of Piog {freeze, Str+3}
rCold   + + .        i - +0 buckler {rPois}
rNeg    . . .        d - +7 chain mail of the Constellations {rPois Slay+3}
rPois   +            (helmet restricted)
rElec   +            W - scarf {rC+ rF+}
rCorr   +            X - +0 pair of gloves {Str+3}
SInv    +            H - +0 pair of boots {rampage}
Will    ++...        A - amulet of Untruth {Spirit rElec Str+4 Stlth+} Stlth
                     L - ring of Enue {Will+ MP+9}
HPRegen 2.10/turn    K - ring of Mistrust {rElec rF+ SInv}
MPRegen 1.01/turn

%: clarity, guardian spirit, rampage
@: studying Maces & Flails, lightly drained
A: horns 2, retaliatory headbutt, iridescent scales 1, clarity, clever 1, cold
resistance 1, fire resistance 1, frail 1, electricity resistance, wild magic 2,
eyeballs 1, pseudopods 1, jelly sensing items, engulf
}: 3/15 runes: barnacled, slimy, gossamer
a: Renounce Religion, Oozemancy, Slimify


You were on level 3 of the Vaults.
You worshipped Jiyva.
Jiyva was exalted by your worship.
You visited 8 branches of the dungeon, and saw 41 of its levels.
You visited the Abyss 1 time.
You also visited: Sewer, Ice Cave and Desolation.

You collected 3176 gold pieces.
You spent 279 gold pieces at shops.

Inventory:

Hand Weapons
 M - a +4 spectral war axe
 N - the +5 war axe of Piog (weapon) {freeze, Str+3}
   (You found it on level 5 of the Pits of Slime)

   Str+3:     It affects your strength (+3).
Missiles
 f - 7 throwing nets (quivered)
Armour
 a - the +3 pair of boots "Coazyen" {Str+2}
   (You found it on level 4 of the Shoals)

   Str+2:     It affects your strength (+2).
 d - the +7 chain mail of the Constellations (worn) {rPois Slay+3}
   (You found it on level 1 of the Shoals)

   Slay+3:    It affects your accuracy & damage with ranged weapons and melee
   (+3).
   rPois:     It protects you from poison
 h - +1 swamp dragon scales
 i - a +0 buckler of poison resistance (worn)
 j - the +0 pair of boots of Baefor {Fly Regen+}
   (You acquired it on level 4 of the Shoals)

   Fly:       It grants you flight.
   Regen+:    It increases your rate of health regeneration.
 H - a +0 pair of boots of rampaging (worn)
 W - a scarf of resistance (worn)
 X - a +0 pair of gloves of strength (worn)
Jewellery
 p - the amulet of Vitality {RegenMP++ Regen++}
   (You took it off a deep elf blademaster on level 3 of the Elven Halls)

   [amulet of magic regeneration]

   RegenMP:   It increases your rate of magic regeneration.
   Regen++:   It increases your rate of health regeneration.
 q - a +4 ring of slaying
 r - a ring of positive energy
 s - the ring of Doggy {rF+ rC+ Int+5}
   (You found it on level 5 of the Pits of Slime)

   [ring of protection from cold]

   Int+5:     It affects your intelligence (+5).
   rF+:       It protects you from fire.
   rC+:       It protects you from cold.
 x - the ring "Oroostru" {Fire rElec rPois rN+++ Will-}
   (You found it in the Desolation of Salt)

   [ring of fire]

   Fire:      It enhances your fire magic.
   rF+:       It protects you from fire.
   rC-:       It makes you vulnerable to cold.
   rElec:     It insulates you from electricity.
   rPois:     It protects you from poison rN+++: It renders you almost immune to
   negative energy.
   Will-:     It decreases your willpower.
 y - a ring of poison resistance
 z - an amulet of the acrobat
 A - the amulet of Untruth (around neck) {Spirit rElec Str+4 Stlth+}
   (You took it off a deep elf elementalist on level 3 of the Elven Halls)

   [amulet of guardian spirit]

   Spirit:    It causes incoming damage to be divided between your reserves of
   health and magic.
   Str+4:     It affects your strength (+4).
   rElec:     It insulates you from electricity.
   Stlth+:    It makes you more stealthy.
 F - a ring of the Octopus King {rC+ HP+2 AC+2 EV+2 SH+2}
   (You found it on level 5 of the Pits of Slime)

   [ring of protection from cold]

   AC+2:      It affects your AC (+2).
   EV+2:      It affects your evasion (+2).
   rC+:       It protects you from cold.
   HP+2:      It affects your health (+2).
   SH+2:      It affects your SH (+2).
 K - the ring of Mistrust (right hand) {rElec rF+ SInv}
   (You took it off a deep elf master archer on level 3 of the Elven Halls)

   [ring of see invisible]

   rF+:       It protects you from fire.
   rElec:     It insulates you from electricity.
   SInv:      It lets you see invisible.
 L - the ring of Enue (left hand) {Will+ MP+9}
   (You found it in the Desolation of Salt)

   [ring of magical power]

   Will+:     It increases your willpower.
   MP+9:      It affects your magic capacity (+9).
 Y - the amulet "Fathylorche" {Spirit rF+ Str-2 Dex+5}
   (You took it off an imperial myrmidon in the Desolation of Salt)

   [amulet of guardian spirit]

   Spirit:    It causes incoming damage to be divided between your reserves of
   health and magic.
   Str-2:     It affects your strength (-2).
   Dex+5:     It affects your dexterity (+5).
   rF+:       It protects you from fire.
Wands
 t - a wand of polymorph (17)
 G - a wand of charming (17)
 I - a wand of acid (6)
 J - a wand of mindburst (22)
 T - a wand of roots (31)
Scrolls
 e - 4 scrolls of revelation
 k - 2 scrolls of fear
 l - 6 scrolls of enchant weapon
 m - 2 scrolls of poison
 n - 3 scrolls of teleportation
 B - 3 scrolls of fog
 C - a scroll of silence
 R - 4 scrolls of identify
 U - 2 scrolls of immolation
Potions
 b - 3 potions of curing
 c - 3 potions of ambrosia
 g - 3 potions of haste
 o - a potion of cancellation
 u - 3 potions of might
 v - a potion of invisibility
 w - 3 potions of heal wounds
 D - a potion of mutation
 E - 2 potions of resistance
 S - a potion of enlightenment
 V - a potion of berserk rage
Miscellaneous
 O - a lightning rod (4/4)
 P - a phial of floods
 Z - a tin of tremorstones (2/2)


   Skills:
 + Level 22.1 Fighting
 - Level 23.6 Axes
 + Level 22.0 Armour
 + Level 17.7 Dodging
 + Level 19.4 Shields


You had 20 spell levels left.
You didn't know any spells.
Your spell library contained the following spells:

 Spells                   Type           Power      Damage    Failure   Level
 Apportation              Tloc           0%         N/A       71%         1
 Freeze                   Ice            0%         1d3       71%         1
 Kiss of Death            Conj/Necr      0%         2d5       71%         1
 Necrotise                Necr           0%         1d4       71%         1
 Shock                    Conj/Air       0%         1d3       71%         1
 Slow                     Hex            0%         N/A       71%         1
 Sting                    Conj/Alch      0%         1d3       71%         1
 Summon Small Mammal      Summ           0%         N/A       71%         1
 Blink                    Tloc           0%         N/A       83%         2
 Cigotuvi's Dreadful Rot  Necr/Alch/Air  0%         N/A       83%         2
 Ensorcelled Hibernation  Hex/Ice        0%         N/A       83%         2
 Jinxbite                 Hex            0%         N/A       83%         2
 Lesser Beckoning         Tloc           0%         N/A       83%         2
 Momentum Strike          Conj/Tloc      0%         3d8       83%         2
 Confusing Touch          Hex            0%         N/A       96%         3
 Gell's Gravitas          Tloc           0%         N/A       96%         3
 Sigil of Binding         Hex            0%         N/A       96%         3
 Stone Arrow              Conj/Erth      0%         3d7       96%         3
 Teleport Other           Tloc           0%         N/A       96%         3
 Vampiric Draining        Necr           0%         2d6       96%         3
 Airstrike                Air            0%         2d(0-16)  100%        4
 Anguish                  Hex/Necr       0%         N/A       100%        4
 Animate Armour           Summ/Erth      0%         N/A       100%        4
 Cause Fear               Hex            0%         N/A       100%        4
 Dispel Undead            Necr           0%         3d6       100%        4
 Flame Wave               Conj/Fire      0%         2d4       100%        4
 Martyr's Knell           Necr/Summ      0%         N/A       100%        4
 Olgreb's Toxic Radiance  Alch           0%         N/A       100%        4
 Alistair's Intoxication  Alch           0%         N/A       100%        5
 Arcjolt                  Conj/Air       0%         1d10      100%        5
 Curse of Agony           Necr           0%         N/A       100%        5
 Summon Forest            Summ/Tloc      0%         N/A       100%        5
 Summon Mana Viper        Hex/Summ       0%         N/A       100%        5
 Yara's Violent Unravell  Hex/Alch       0%         3d3       100%        5
 Conjure Ball Lightning   Conj/Air       0%         3x3d6     100%        6
 Dispersal                Tloc           0%         N/A       100%        6
 Starburst                Conj/Fire      0%         6d3       100%        6
 Summon Cactus Giant      Summ           0%         N/A       100%        6
 Enfeeble                 Hex            0%         N/A       100%        7
 Malign Gateway           Summ/Tloc      0%         N/A       100%        7
 Ozocubu's Refrigeration  Ice            0%         4d7       100%        7
 Summon Hydra             Summ           0%         N/A       100%        7
 Discord                  Hex            0%         N/A       100%        8
 Summon Horrible Things   Summ           0%         N/A       100%        8
 Polar Vortex             Ice            0%         N/A       100%        9


Dungeon Overview and Level Annotations

Branches:
Dungeon (15/15)            Temple (0/1) D:5            Lair (5/5) D:8
 Shoals (4/4) Lair:2       Spider (4/4) Lair:3        Slime (5/5) Lair:5
    Orc (2/2) D:11            Elf (3/3) Orc:2        Vaults (3/5) D:14
  Crypt (0/3) Vaults:3     Depths (0/4) D:15          Sewer (visited)
  IceCv (visited)         Desolation (visited)

Altars:
Ashenzari
Cheibriados
Dithmenos
Fedhas
Nemelex Xobeh
Qazlal
Ru
Sif Muna
Trog
Uskayaw
Xom
Yredelemnul
The Shining One
Jiyva

Shops:
D:4 :   D:6 :   D:14 *   D:15 *   Orc:2 (([(   Elf:1 !   Elf:2 [

Annotations:
Lair:1 2 transporters, Zacwowae's ghost, journeyman MiFi
Spider:1 1 runed translucent door, Unoview's ghost, adept KoAr
Slime:2 Dissolution
Slime:5 Royal Jelly
Vaults:3 Zenata


Innate Abilities, Weirdness & Mutations

You have a pair of horns on your head.
You reflexively headbutt those who attack you in melee.
You are partially covered in iridescent scales. (AC +2)
You possess an exceptional clarity of mind.
Your mind is acute. (Int +4, Str/Dex -1)
Your flesh is cold resistant. (rC+)
Your flesh is heat resistant. (rF+)
You are frail. (-10% HP)
You are resistant to electric shocks. (rElec)
Your spells are harder to cast, but more powerful.
Your body has grown eyes which may confuse attackers. (Acc +3)
Armour fits poorly on your pseudopods.
You have a small jelly attached to you that senses nearby items.
Your melee attacks may engulf your foes in ooze.


Message History

The +0 hand axe of freezing hits you.
* * * LOW HITPOINT WARNING * * *
You block the +1 heavy halberd's attack.
The +4 trident of flaming hits you from afar!
* * * LOW HITPOINT WARNING * * *
The +0 hand axe of freezing hits you!
* * * LOW HITPOINT WARNING * * *
The +0 hand axe of freezing freezes you.
* * * LOW HITPOINT WARNING * * *
The +1 scimitar of holy wrath hits you.
* * * LOW HITPOINT WARNING * * *
Zenata gestures, and weapons take to the air!
Blink to where?
Press: ? - help, Q - select action, (/) - cycle Dir - move target
As you read the scroll of blinking, it crumbles to dust.
Your surroundings suddenly seem different.
You start resting.
A yaktaur captain comes into view.
The yaktaur captain shouts!
The yaktaur captain wields a +0 arbalest.
The yaktaur captain shoots a bolt.
You block the bolt.
The yaktaur captain shoots a bolt.
The bolt hits you!!!
* * * LOW HITPOINT WARNING * * *
You feel much better.
You feel much better.
The yaktaur captain shoots a bolt.
You block the bolt.
You are too injured to fight recklessly!
The yaktaur captain shoots a bolt.
The bolt hits you!!
* * * LOW HITPOINT WARNING * * *
The yaktaur captain shoots a bolt.
The bolt hits you!!
* * * LOW HITPOINT WARNING * * *
You feel much better.
The yaktaur captain shoots a bolt.
The bolt hits you!!!
* * * LOW HITPOINT WARNING * * *
The yaktaur captain shoots a bolt.
The bolt hits you!!
* * * LOW HITPOINT WARNING * * *
The yaktaur captain shoots a bolt.
You block the bolt.
There is an open door here.
You feel much better.
The yaktaur captain shoots a bolt.
The bolt hits you!!
* * * LOW HITPOINT WARNING * * *
The yaktaur captain shoots a bolt.
The bolt hits you!!
You die...

########'####'##########.....#
#.........c.# #.....#
#...........#########.....#
#...........#......##=....#
#...........'.#..#.##)....# #
#...........'......##.....####
#...........#.#..#.##.....##..
#...........'......##.....###.
#############@#..#.##.....# ##
#......##....)# #
#########..[..# #########
#.[))[# ## #.......#
#.[[..###. #.##.# .#
#...).##.. ## #.#.#.#.#
#.....#### ##.## #..#>#..
#.....#### ##...# #.#.#.#.#
#.....'...


You could see a yaktaur captain.

Vanquished Creatures
  A shard shrike (IceCv)
  Margery (Vaults:2)
  Saint Roka (Orc:2)
  Arachne (Spider:2)
  Mlioglotl (Spider:3)
  Jorgrun (Shoals:3)
  2 deep elf blademasters (Elf:3)
  2 deep elf master archers (Elf:3)
  A searing wretch (Vaults:2)
  Asterion (Spider:1)
  A lich (Abyss:4)
  A kraken (Shoals:4)
  A sphinx (Vaults:2)
  2 tentacled starspawn (Abyss:4)
  Polyphemus (Shoals:4)
  An ancient champion (Vaults:3)
  Aizul (Shoals:4)
  Kirke (Lair:4)
  A revenant (Vaults:3)
  A vault warden (Vaults:3)
  11 emperor scorpions
  5 ghost moths (Spider:4)
  5 deep elf sorcerers
  4 imperial myrmidons (Desolation)
  5 deep elf elementalists (Elf:3)
  11 ironbound preservers
  2 broodmothers
  An ironbound thunderhulk (Vaults:2)
  Nessos (D:13)
  A vampire knight (Vaults:3)
  5 deep elf demonologists (Elf:3)
  8 deep elf annihilators
  11 deep elf death magi
  A halazid warlock (Desolation)
  3 spark wasps
  A white draconian (IceCv)
  Josephine (D:13)
  A crystal guardian (Desolation)
  2 merfolk javelineers (Shoals:4)
  11 merfolk impalers
  8 ragged hierophants (Desolation)
  A yaktaur captain (Vaults:3)
  4 entropy weavers
  5 servants of whispers (Desolation)
  A deep elf high priest (Elf:2)
  Erolcha (D:9)
  A jorogumo (Spider:1)
  Harold (D:10)
  2 hydras
  4 radroaches
  5 merfolk avatars
  5 boulder beetles
  5 merfolk aquamancers
  4 peacekeepers (Desolation)
  4 ironbound frosthearts
  5 catoblepae
  6 centaur warriors
  A sphinx zombie (D:15)
  4 two-headed ogres
  14 death yaks
  The ghost of TheScarfBastard the Cleaver, a novice DrBe of Trog (D:9)
  3 alligator snapping turtles
  5 satyrs
  A death scarab (Spider:2)
  A tengu warrior (D:15)
  11 demonic crawlers
  A vampire mage (D:15)
  2 orc high priests
  22 dancing weapons
  A thrashing horror (Abyss:4)
  3 hell knights (Vaults:2)
  2 wretched stars (Abyss:4)
  8 skysharks
  A sixfirhy (Abyss:4)
  3 pharaoh ants
  4 skeletal warriors
  Lodul (D:13)
  20 deep elf knights
  A spark wasp zombie (D:15)
  A sun moth (Spider:4)
  13 deep elf archers
  15 sea snakes
  26 deep trolls
  23 harpies
  An orange crystal statue (IceCv)
  9 steelbarb worms
  An arcanist (D:14)
  10 ironbound convokers
  A necromancer (Vaults:3)
  4 orb spiders
  30 deep elf zephyrmancers
  4 large abominations (Abyss:4)
  38 deep elf pyromancers
  2 orc knights
  9 lindwurms
  20 fauns
  27 ugly things
  An orc sorcerer (Orc:2)
  20 manticores
  22 wolf spiders
  8 cyclopes
  A worldbinder (Abyss:4)
  7 meliai
  3 moths of wrath
  10 merfolk sirens
  39 elephants
  Joseph (D:7)
  An apocalypse crab (Abyss:4)
  5 water nymphs
  6 vault sentinels
  10 black mambas
  An ice statue (Shoals:4)
  6 kobold blastminers
  2 smoke demons (Abyss:4)
  A gargoyle (D:10)
  11 torpor snails
  19 cane toads
  An orange demon (Abyss:4)
  9 komodo dragons
  A kobold demonologist (D:11)
  22 rime drakes
  3 yaktaurs
  An unseen horror (D:11)
  An efreet (Abyss:4)
  13 trolls
  3 hornets
  12 polar bears
  23 tarantellas
  28 merfolk
  The ghost of Newt the Ducker, an amateur DsGl (D:4)
  6 wind drakes
  39 blink frogs
  A hornet (shapeshifter) (Elf:3)
  13 snapping turtles
  12 dream sheep
  46 saltlings (Desolation)
  26 jumping spiders
  3 raiju (Abyss:4)
  3 shadows
  3 small abominations (Abyss:4)
  46 yaks
  5 air elementals
  25 culicivoras
  2 ynoxinuls (Abyss:4)
  20 water elementals
  3 fire elementals
  Grum (D:10)
  5 hogs (Lair:4)
  7 wraiths
  3 basilisks
  2 steam dragons (Lair:5)
  59 redbacks
  11 vampire mosquitoes
  A chaos spawn (Abyss:4)
  4 neqoxecs (Abyss:4)
  2 wargs
  5 acid dragons
  13 water moccasins
  2 black bears (D:8)
  A sky beast (D:8)
  32 orc warriors
  2 ice beasts
  3 laughing skulls
  13 ogres
  8 wolves
  10 centaurs
  5 boggarts
  4 kobold brigands
  12 bullfrogs
  A gnoll sergeant (D:11)
  5 earth elementals
  4 scorpions
  6 wights (D:9)
  14 killer bees
  3 electric eels (D:13)
  4 hounds
  2 jellies (Sewer)
  3 bombardier beetles
  17 orc priests
  Crazy Yiuf (D:6)
  A gnoll bouda (D:8)
  4 iguanas
  20 orc wizards
  12 gnolls
  9 adders
  3 river rats (Sewer)
  A shadow imp (D:5)
  2 white imps (Abyss:4)
  3 dart slugs
  3 ribbon worms
  82 orcs
  11 ball pythons
  16 endoplasms
  5 giant cockroaches
  5 goblins
  7 hobgoblins
  6 jackals
  3 quokkas
  3 bats
  8 frilled lizards
  19 kobolds
  7 rats
  A spectral weapon (Spider:1)
  A starspawn tentacle (Abyss:4)
  2 tentacles (Shoals:4)
1563 creatures vanquished.

Vanquished Creatures (collateral kills)
  The ghost of Ahar the Fighter, a journeyman HONe of Kikubaaqudgha (Lair:4)
  2 death yaks (Lair:5)
  An orb spider (Spider:4)
  A lindwurm (Lair:5)
  An ugly thing (D:11)
  A tarantella (Spider:4)
7 creatures vanquished.

Vanquished Creatures (others)
  A deep elf sorcerer (Elf:1)
  A formless jellyfish (Vaults:2)
  An ironbound thunderhulk (Vaults:2)
  A yaktaur captain (Vaults:2)
  4 great orbs of eyes
  A vault guard (Vaults:1)
  A merfolk avatar (Shoals:4)
  An anaconda (shapeshifter) (Elf:1)
  A centaur warrior (D:15)
  A deep elf knight (Elf:2)
  A shadow wraith (Vaults:2)
  2 glowing orange brains (Vaults:2)
  A necromancer (D:15)
  An orc knight (Vaults:2)
  A deep elf pyromancer (Elf:1)
  2 deep elf zephyrmancers
  A cyclops (D:15)
  A merfolk siren (Shoals:4)
  A yaktaur (Vaults:1)
  A komodo dragon (shapeshifter) (D:13)
  2 tengu conjurers (D:15)
  2 merfolk (Shoals:3)
  40 slime creatures
  A vampire (D:13)
  A golden eye (Abyss:4)
  2 vampire mosquitoes (D:13)
  A redback (Spider:1)
  2 orc warriors (Orc:2)
  2 black bears
  2 laughing skulls (Abyss:4)
  An ogre (D:4)
  2 boggarts (Vaults:1)
  2 centaurs (D:15)
  A kobold brigand (D:11)
  A killer bee (D:9)
  An electric eel (D:15)
  A howler monkey (D:12)
  A hound (D:4)
  168 jellies
  2 orc priests
  2 orc wizards
  10 orcs
  An endoplasm (D:4)
  A goblin (D:4)
  2 hobgoblins (D:4)
  4 kobolds
  A lurking horror (Abyss:4)
  5 spectral weapons (Elf:3)
  7 starspawn tentacles
  2 tentacles (Shoals:4)
295 creatures vanquished.

Grand Total: 1865 creatures vanquished

Notes
Turn   | Place    | Note
-------+----------+-------------------------------------------
     0 | D:1      | gummybears the Minotaur Monk began the quest for the Orb.
     0 | D:1      | Reached XP level 1. HP: 19/19 MP: 0/0
   141 | D:1      | Reached skill level 4 in Axes
   152 | D:1      | Reached XP level 2. HP: 20/27 MP: 1/1
   267 | D:1      | Reached skill level 1 in Armour
   508 | D:2      | Found a sacrificial altar of Ru.
   588 | D:2      | Reached XP level 3. HP: 9/33 MP: 2/2
  1527 | D:3      | Found a faded altar of an unknown god.
  1804 | D:3      | Reached XP level 4. HP: 40/40 MP: 3/3
  1969 | D:3      | Reached skill level 5 in Axes
  2270 | D:3      | Found a shadowy altar of Dithmenos.
  2658 | D:3      | Reached XP level 5. HP: 37/47 MP: 4/4
  2922 | D:4      | Noticed an ogre
  2922 | D:4      | Noticed an ogre
  2922 | D:4      | Noticed Newt's ghost (amateur DsGl)
  2923 | D:4      | Found a transporter.
  3016 | D:4      | Reached skill level 6 in Axes
  3018 | D:4      | Reached skill level 5 in Fighting
  3070 | D:4      | Found Osaurchits's Book Boutique.
  3090 | D:4      | Reached XP level 6. HP: 56/56 MP: 5/5
  3167 | D:4      | Found a shimmering altar of Xom.
  3660 | D:5      | Entered Level 5 of the Dungeon
  3663 | D:5      | Found a hide-covered altar of Uskayaw.
  3921 | D:5      | Found a staircase to the Ecumenical Temple.
  3929 | D:5      | Reached skill level 7 in Axes
  3952 | D:5      | Found a glowing drain.
  3964 | Sewer    | Entered a sewer
  3998 | Sewer    | Reached XP level 7. HP: 54/62 MP: 6/6
  4098 | Sewer    | Found a viscous altar of Jiyva.
  4256 | Sewer    | Became a worshipper of Jiyva Jusici the Shapeless
  4256 | Sewer    | Reached * piety under Jiyva
  4256 | Sewer    | Reached ** piety under Jiyva
  4577 | D:6      | Reached skill level 8 in Axes
  4579 | D:6      | Reached skill level 5 in Armour
  4607 | D:6      | Found Roiproip's Book Shop.
  4660 | D:6      | Reached XP level 8. HP: 68/71 MP: 7/7
  4814 | D:6      | Reached skill level 9 in Axes
  5108 | D:6      | Reached *** piety under Jiyva
  5143 | D:6      | Found a stormy altar of Qazlal.
  5147 | D:6      | Found a bloodstained altar of Trog.
  5148 | D:6      | Found a blossoming altar of Fedhas.
  5148 | D:6      | Found a snail-covered altar of Cheibriados.
  5150 | D:6      | Found a basalt altar of Yredelemnul.
  5181 | D:6      | Gained mutation: You are robust. (+10% HP) [Jiyva's grace]
  5181 | D:6      | Gained mutation: You are very robust. (+20% HP) [Jiyva's
                  | grace]
  5181 | D:6      | Gained mutation: You are extremely robust. (+30% HP)
                  | [Jiyva's grace]
  5181 | D:6      | Gained mutation: You are partially covered in iridescent
                  | scales. (AC +2) [Jiyva's grace]
  5296 | D:6      | Found a runed translucent door.
  5297 | D:6      | Noticed Crazy Yiuf
  5304 | D:6      | Killed Crazy Yiuf
  5676 | D:7      | Noticed a manticore
  5692 | D:7      | Killed a manticore
  5693 | D:7      | Reached skill level 10 in Axes
  5775 | D:7      | Reached XP level 9. HP: 105/105 MP: 8/8
  5869 | D:7      | Reached skill level 11 in Axes
  5892 | D:7      | Noticed Joseph
  5903 | D:7      | Killed Joseph
  5970 | D:7      | Found a transporter.
  6027 | D:7      | Reached **** piety under Jiyva
  6029 | D:7      | Found a transporter.
  6275 | D:7      | Found a glowing golden altar of the Shining One.
  6514 | D:8      | Found a broken altar of Ashenzari.
  6803 | D:8      | Noticed an elephant
  6823 | D:8      | Killed an elephant
  6824 | D:8      | Reached skill level 12 in Axes
  6943 | D:8      | Found a staircase to the Lair.
  7018 | D:8      | Reached ***** piety under Jiyva
  7018 | D:8      | Lost mutation: You are partially covered in iridescent
                  | scales. (AC +2) [Jiyva's grace]
  7018 | D:8      | Lost mutation: You are extremely robust. (+30% HP) [Jiyva's
                  | grace]
  7018 | D:8      | Gained mutation: Your body has grown eyes which may confuse
                  | attackers. (Acc +3) [Jiyva's grace]
  7018 | D:8      | Gained mutation: Your body has grown many eyes which may
                  | confuse attackers. (Acc +5) [Jiyva's grace]
  7018 | D:8      | Gained mutation: Your body is covered in eyes which may
                  | confuse attackers. (Acc +7, SInv) [Jiyva's grace]
  7018 | D:8      | Gained mutation: You are somewhat resistant to further
                  | mutation. [Jiyva's grace]
  7244 | D:9      | Noticed TheScarfBastard's ghost (novice DrBe)
  7244 | D:9      | Found a runed translucent door.
  7255 | D:9      | Reached XP level 10. HP: 109/109 MP: 9/9
  7528 | D:4      | Found a transporter.
  7541 | D:4      | Killed Newt's ghost
  7829 | D:7      | Reached skill level 13 in Axes
  8320 | D:9      | Noticed a boulder beetle
  8339 | D:9      | Killed a boulder beetle
  8340 | D:9      | Reached skill level 5 in Dodging
  8545 | D:9      | Reached skill level 10 in Fighting
  8640 | D:9      | Noticed Erolcha
  8646 | D:9      | Killed Erolcha
  9005 | D:10     | Entered Level 10 of the Dungeon
  9005 | D:10     | Found a sparkling altar of Nemelex Xobeh.
  9082 | D:10     | Noticed Harold
  9095 | D:10     | Killed Harold
  9096 | D:10     | Reached skill level 14 in Axes
  9143 | D:10     | Noticed a two-headed ogre
  9150 | D:10     | Killed a two-headed ogre
  9151 | D:10     | Reached XP level 11. HP: 80/121 MP: 10/10
  9181 | D:10     | Noticed Grum
  9234 | D:10     | Killed Grum
  9238 | D:10     | Reached skill level 10 in Armour
  9422 | D:10     | Noticed a two-headed ogre
  9430 | D:10     | Killed a two-headed ogre
  9463 | D:10     | Found a shimmering blue altar of Sif Muna.
  9597 | D:11     | Noticed a white ugly thing
  9609 | D:11     | Killed a white ugly thing
  9671 | D:11     | Lost mutation: You are somewhat resistant to further
                  | mutation. [Jiyva's grace]
  9671 | D:11     | Lost mutation: Your body is covered in eyes which may
                  | confuse attackers. (Acc +7, SInv) [Jiyva's grace]
  9671 | D:11     | Lost mutation: Your body has grown many eyes which may
                  | confuse attackers. (Acc +5) [Jiyva's grace]
  9671 | D:11     | Gained mutation: Your movements are slightly less
                  | encumbered by armour. (ER -2) [Jiyva's grace]
  9671 | D:11     | Gained mutation: Your movements are less encumbered by
                  | armour. (ER -4) [Jiyva's grace]
  9671 | D:11     | Gained mutation: Your movements are significantly less
                  | encumbered by armour. (ER -6) [Jiyva's grace]
  9671 | D:11     | Gained mutation: You are agile. (Dex +4, Str/Int -1)
                  | [Jiyva's grace]
  9691 | D:11     | Found a staircase to the Orcish Mines.
  9719 | D:11     | Reached skill level 15 in Axes
  9821 | D:11     | Noticed a two-headed ogre
  9827 | D:11     | Killed a two-headed ogre
  9934 | D:11     | Noticed a boulder beetle
  9951 | D:11     | Killed a boulder beetle
 10509 | D:12     | Reached XP level 12. HP: 125/133 MP: 11/11
 10510 | D:12     | Reached skill level 1 in Shields
 10610 | D:12     | Reached ****** piety under Jiyva
 10647 | D:12     | Noticed a two-headed ogre
 10651 | D:12     | Killed a two-headed ogre
 10737 | D:12     | Reached skill level 16 in Axes
 11020 | Lair:1   | Entered Level 1 of the Lair of Beasts
 11053 | Lair:1   | Found a hide-covered altar of Uskayaw.
 11193 | Lair:1   | Found a transporter.
 11257 | Lair:1   | Lost mutation: You are agile. (Dex +4, Str/Int -1) [Jiyva's
                  | grace]
 11257 | Lair:1   | Lost mutation: You are very robust. (+20% HP) [Jiyva's
                  | grace]
 11257 | Lair:1   | Lost mutation: Your body has grown eyes which may confuse
                  | attackers. (Acc +3) [Jiyva's grace]
 11257 | Lair:1   | Lost mutation: Your movements are significantly less
                  | encumbered by armour. (ER -6) [Jiyva's grace]
 11257 | Lair:1   | Gained mutation: Your movements are significantly less
                  | encumbered by armour. (ER -6) [Jiyva's grace]
 11257 | Lair:1   | Gained mutation: You have large cloven feet. [Jiyva's
                  | grace]
 11257 | Lair:1   | Gained mutation: You have hoof-like feet. [Jiyva's grace]
 11257 | Lair:1   | Gained mutation: You have hooves in place of feet. [Jiyva's
                  | grace]
 11257 | Lair:1   | Found a transporter.
 11262 | Lair:1   | Found a bloodstained altar of Trog.
 11262 | Lair:1   | Noticed Zacwowae's ghost (journeyman MiFi)
 11817 | Lair:2   | Reached skill level 17 in Axes
 11998 | Lair:2   | Reached skill level 5 in Shields
 11998 | Lair:2   | Reached XP level 13. HP: 129/130 MP: 12/12
 12119 | Lair:2   | Found a staircase to the Shoals.
 12811 | Lair:3   | Lost mutation: You have hooves in place of feet. [Jiyva's
                  | grace]
 12811 | Lair:3   | Gained mutation: You are partially covered in iridescent
                  | scales. (AC +2) [Jiyva's grace]
 12811 | Lair:3   | Gained mutation: You are mostly covered in iridescent
                  | scales. (AC +4) [Jiyva's grace]
 12811 | Lair:3   | Gained mutation: You are completely covered in iridescent
                  | scales. (AC +6) [Jiyva's grace]
 12811 | Lair:3   | Gained mutation: Your melee attacks may engulf your foes in
                  | ooze. [Jiyva's grace]
 12972 | Lair:3   | Found a hole to the Spider Nest.
 13265 | Lair:3   | Reached skill level 18 in Axes
 13715 | Lair:4   | Reached skill level 10 in Dodging
 13879 | Lair:4   | Noticed Kirke
 13921 | Lair:4   | Noticed a sphinx
 13928 | Lair:4   | HP: 3/134 [manticore[Kirke] (5)]
 14023 | Lair:4   | Killed Kirke
 14126 | Lair:4   | Reached XP level 14. HP: 143/143 MP: 13/13
 14483 | Lair:4   | Found a runed translucent door.
 14483 | Lair:4   | Found a shimmering altar of Xom.
 14483 | Lair:4   | Noticed Ahar's ghost (journeyman HONe)
 14501 | Lair:4   | Lost mutation: You are robust. (+10% HP) [Jiyva's grace]
 14501 | Lair:4   | Gained mutation: You have a somewhat thin skeletal
                  | structure. (Dex +2, Stealth+) [Jiyva's grace]
 14501 | Lair:4   | Gained mutation: You have a moderately thin skeletal
                  | structure. (Dex +4, Stealth++) [Jiyva's grace]
 14501 | Lair:4   | Gained mutation: You have an unnaturally thin skeletal
                  | structure. (Dex +6, Stealth+++) [Jiyva's grace]
 14501 | Lair:4   | Gained mutation: You have acidic saliva. [Jiyva's grace]
 14684 | Lair:4   | Reached skill level 19 in Axes
 15096 | Lair:5   | Entered Level 5 of the Lair of Beasts
 15515 | Lair:5   | Reached skill level 20 in Axes
 15555 | Lair:5   | Reached XP level 15. HP: 139/139 MP: 14/14
 15634 | Lair:5   | Found a staircase to the Slime Pits.
 16095 | Lair:4   | HP: 2/139 [Ahar's ghost (21)]
 16149 | Lair:4   | Killed Ahar's ghost
 16150 | Lair:4   | Reached skill level 15 in Fighting
 16354 | D:9      | Killed TheScarfBastard's ghost
 16473 | Orc:1    | Entered Level 1 of the Orcish Mines
 16899 | Orc:2    | Entered Level 2 of the Orcish Mines
 16899 | Orc:2    | Lost mutation: You are completely covered in iridescent
                  | scales. (AC +6) [Jiyva's grace]
 16899 | Orc:2    | Lost mutation: You have an unnaturally thin skeletal
                  | structure. (Dex +6, Stealth+++) [Jiyva's grace]
 16899 | Orc:2    | Lost mutation: Your melee attacks may engulf your foes in
                  | ooze. [Jiyva's grace]
 16899 | Orc:2    | Gained mutation: You have hidden genetic potential.
                  | [Jiyva's grace]
 16899 | Orc:2    | Gained mutation: You have great hidden genetic potential.
                  | [Jiyva's grace]
 16899 | Orc:2    | Gained mutation: You have a small jelly attached to you
                  | that may absorb projectiles. [Jiyva's grace]
 16899 | Orc:2    | Gained mutation: Your melee attacks may engulf your foes in
                  | ooze. [Jiyva's grace]
 17217 | Orc:2    | Found a staircase to the Elven Halls.
 17345 | Orc:2    | Noticed Saint Roka
 17582 | Orc:2    | Killed Saint Roka
 17583 | Orc:2    | Reached skill level 10 in Shields
 17608 | Orc:2    | Found Raonkirgh's Antique Armour Shoppe.
 17613 | Orc:2    | Found Heguenki's Antique Weapon Emporium.
 17778 | Orc:2    | Found Fokahyg's Antique Weapon Shop.
 17862 | Orc:2    | Found Negiatur's Antique Weapon Shoppe.
 18002 | D:13     | Noticed Nessos
 18026 | D:13     | Killed Nessos
 18027 | D:13     | Reached skill level 15 in Armour
 18164 | D:13     | Noticed Josephine
 18183 | D:13     | Killed Josephine
 18191 | D:13     | Reached skill level 21 in Axes
 18345 | D:13     | Noticed Lodul
 18352 | D:13     | Killed Lodul
 18798 | D:14     | Found a gate to the Vaults.
 19035 | D:14     | Reached XP level 16. HP: 128/151 MP: 15/15
 19161 | D:14     | Found Lejon's Fire Supplies.
 19170 | D:14     | Bought a +2 pair of boots of fire resistance for 279 gold
                  | pieces
 19304 | D:14     | Found a hide-covered altar of Uskayaw.
 19533 | D:15     | Entered Level 15 of the Dungeon
 19594 | D:15     | Lost mutation: You are mostly covered in iridescent scales.
                  | (AC +4) [Jiyva's grace]
 19594 | D:15     | Lost mutation: You have a moderately thin skeletal
                  | structure. (Dex +4, Stealth++) [Jiyva's grace]
 19594 | D:15     | Lost mutation: Your movements are significantly less
                  | encumbered by armour. (ER -6) [Jiyva's grace]
 19594 | D:15     | Gained mutation: Your rubbery body absorbs attacks. (AC +1,
                  | EV +1) [Jiyva's grace]
 19594 | D:15     | Gained mutation: Your pliable body absorbs attacks. (AC +2,
                  | EV +2) [Jiyva's grace]
 19594 | D:15     | Gained mutation: Your gelatinous body deflects attacks. (AC
                  | +3, EV +3) [Jiyva's grace]
 19594 | D:15     | Gained mutation: Your body has grown eyes which may confuse
                  | attackers. (Acc +3) [Jiyva's grace]
 19706 | D:15     | Found a staircase to the Depths.
 19754 | D:15     | Found Viciut's General Store.
 20515 | Spider:1 | Entered Level 1 of the Spider Nest
 20606 | Spider:1 | Gained mutation: You are mostly covered in iridescent
                  | scales. (AC +4) [hidden potential]
 20659 | Spider:1 | Reached skill level 22 in Axes
 20780 | Spider:1 | Noticed Asterion
 20796 | Spider:1 | Killed Asterion
 20928 | Spider:1 | Found a runed translucent door.
 20930 | Spider:1 | Found a shimmering altar of Xom.
 20930 | Spider:1 | Noticed Unoview's ghost (adept KoAr)
 21066 | Spider:1 | Lost mutation: You are mostly covered in iridescent scales.
                  | (AC +4) [Jiyva's grace]
 21066 | Spider:1 | Lost mutation: Your body has grown eyes which may confuse
                  | attackers. (Acc +3) [Jiyva's grace]
 21066 | Spider:1 | Lost mutation: Your gelatinous body deflects attacks. (AC
                  | +3, EV +3) [Jiyva's grace]
 21066 | Spider:1 | Lost mutation: Your pliable body absorbs attacks. (AC +2,
                  | EV +2) [Jiyva's grace]
 21066 | Spider:1 | Lost mutation: You have great hidden genetic potential.
                  | [Jiyva's grace]
 21066 | Spider:1 | Gained mutation: Your system is resistant to poisons.
                  | (rPois) [Jiyva's grace]
 21066 | Spider:1 | Gained mutation: You are robust. (+10% HP) [Jiyva's grace]
 21066 | Spider:1 | Gained mutation: You are very robust. (+20% HP) [Jiyva's
                  | grace]
 21066 | Spider:1 | Gained mutation: You are extremely robust. (+30% HP)
                  | [Jiyva's grace]
 21836 | Spider:2 | Noticed Arachne
 21850 | Spider:2 | Killed Arachne
 22527 | Spider:3 | Reached XP level 17. HP: 209/209 MP: 16/16
 22847 | Spider:3 | Reached skill level 23 in Axes
 22868 | Spider:3 | Noticed Mlioglotl
 22887 | Spider:3 | Killed Mlioglotl
 23154 | Spider:3 | Lost mutation: You have a somewhat thin skeletal structure.
                  | (Dex +2, Stealth+) [Jiyva's grace]
 23154 | Spider:3 | Lost mutation: You are extremely robust. (+30% HP) [Jiyva's
                  | grace]
 23154 | Spider:3 | Lost mutation: You have hidden genetic potential. [Jiyva's
                  | grace]
 23154 | Spider:3 | Lost mutation: Your movements are less encumbered by
                  | armour. (ER -4) [Jiyva's grace]
 23154 | Spider:3 | Lost mutation: Your movements are slightly less encumbered
                  | by armour. (ER -2) [Jiyva's grace]
 23154 | Spider:3 | Gained mutation: You are extremely robust. (+30% HP)
                  | [Jiyva's grace]
 23154 | Spider:3 | Gained mutation: Your flesh is cold resistant. (rC+)
                  | [Jiyva's grace]
 23154 | Spider:3 | Gained mutation: Your flesh is very cold resistant. (rC++)
                  | [Jiyva's grace]
 23154 | Spider:3 | Gained mutation: Your flesh is almost immune to the effects
                  | of cold. (rC+++) [Jiyva's grace]
 23430 | Spider:4 | Entered Level 4 of the Spider Nest
 23572 | Spider:4 | Lost mutation: You are extremely robust. (+30% HP)
                  | [mutagenic glow]
 24551 | Spider:4 | Got a gossamer rune of Zot
 24753 | Shoals:1 | Entered Level 1 of the Shoals
 24924 | Shoals:1 | Identified the +7 chain mail of the Constellations {rPois
                  | Slay+3}
 25406 | Shoals:1 | Reached XP level 18. HP: 206/206 MP: 17/17
 25514 | Shoals:1 | Lost mutation: You are partially covered in iridescent
                  | scales. (AC +2) [Jiyva's grace]
 25514 | Shoals:1 | Lost mutation: You are very robust. (+20% HP) [Jiyva's
                  | grace]
 25514 | Shoals:1 | Lost mutation: You have a small jelly attached to you that
                  | may absorb projectiles. [Jiyva's grace]
 25514 | Shoals:1 | Gained mutation: Armour fits poorly on your pseudopods.
                  | [Jiyva's grace]
 25514 | Shoals:1 | Gained mutation: Armour fits poorly on your large
                  | pseudopods. [Jiyva's grace]
 25514 | Shoals:1 | Gained mutation: Armour fits poorly on your massive
                  | pseudopods. [Jiyva's grace]
 25514 | Shoals:1 | Gained mutation: Your natural rate of healing is unusually
                  | fast. [Jiyva's grace]
 26433 | Shoals:2 | Reached skill level 15 in Shields
 26744 | Shoals:3 | Identified a scroll of acquirement
 26916 | Shoals:4 | Entered Level 4 of the Shoals
 26993 | Shoals:4 | Found a glacial archway.
 27006 | IceCv    | Entered an ice cave
 27341 | IceCv    | Noticed a shard shrike
 27361 | IceCv    | Killed a shard shrike
 27404 | IceCv    | Identified the +6 battleaxe of Anguish {freeze, rF+ Int+3}
 27535 | Shoals:4 | Identified the serpent talisman "Fureefeh" {rN+++ Dex+4
                  | Slay-5}
 27535 | Shoals:4 | Noticed Aizul
 27572 | Shoals:3 | Noticed Jorgrun
 27593 | Shoals:3 | Killed Jorgrun
 27687 | Shoals:4 | Found the +5 scythe "Finisher" {speed, execute}
 27752 | Shoals:4 | Acquired the +0 pair of boots of Baefor {Fly Regen+}
 27796 | Shoals:4 | Killed Aizul
 27797 | Shoals:4 | Reached XP level 19. HP: 149/201 MP: 18/18
 28024 | Shoals:4 | Lost mutation: You have hoof-like feet. [Jiyva's grace]
 28024 | Shoals:4 | Lost mutation: Your flesh is almost immune to the effects
                  | of cold. (rC+++) [Jiyva's grace]
 28024 | Shoals:4 | Lost mutation: Your system is resistant to poisons. (rPois)
                  | [Jiyva's grace]
 28024 | Shoals:4 | Lost mutation: Your natural rate of healing is unusually
                  | fast. [Jiyva's grace]
 28024 | Shoals:4 | Lost mutation: Armour fits poorly on your massive
                  | pseudopods. [Jiyva's grace]
 28024 | Shoals:4 | Lost mutation: Armour fits poorly on your large pseudopods.
                  | [Jiyva's grace]
 28024 | Shoals:4 | Gained mutation: You are agile. (Dex +4, Str/Int -1)
                  | [Jiyva's grace]
 28024 | Shoals:4 | Gained mutation: You are very agile. (Dex +8, Str/Int -2)
                  | [Jiyva's grace]
 28024 | Shoals:4 | Gained mutation: Your body has grown eyes which may confuse
                  | attackers. (Acc +3) [Jiyva's grace]
 28024 | Shoals:4 | Gained mutation: Your body has grown many eyes which may
                  | confuse attackers. (Acc +5) [Jiyva's grace]
 28073 | Shoals:4 | Got a barnacled rune of Zot
 28097 | Shoals:4 | Noticed Polyphemus
 28117 | Shoals:4 | Killed Polyphemus
 28292 | Shoals:4 | Identified the staff "Pomogas" {rElec Will+ Air}
 28420 | Shoals:4 | Identified the +3 pair of boots "Coazyen" {Str+2}
 28809 | Elf:1    | Entered Level 1 of the Elven Halls
 29236 | Elf:1    | Got the Handbook of Reformation and Scree
 29564 | Elf:1    | Reached skill level 15 in Dodging
 29600 | Elf:1    | Found Xuckan's Distillery.
 29733 | Elf:1    | Identified the amulet "Naihaqal" {Faith rF+}
 30035 | Elf:1    | Got the Handbook of Bolts
 30229 | Elf:2    | Paralysed by an air elemental for 1 turns
 30260 | Elf:2    | Found Noreet's Armour Shop.
 30506 | Elf:2    | Lost mutation: You have acidic saliva. [potion of mutation]
 30506 | Elf:2    | Lost mutation: You have large cloven feet. [potion of
                  | mutation]
 30506 | Elf:2    | Lost mutation: You are very agile. (Dex +8, Str/Int -2)
                  | [potion of mutation]
 30506 | Elf:2    | Gained mutation: Your flesh is heat resistant. (rF+)
                  | [potion of mutation]
 30513 | Elf:2    | Paralysed by an air elemental for 1 turns
 30636 | Elf:2    | Found a runed translucent gate.
 30636 | Elf:2    | Found a runed translucent gate.
 30636 | Elf:2    | Found a runed translucent gate.
 30859 | Elf:2    | Lost mutation: Your flesh is very cold resistant. (rC++)
                  | [Jiyva's grace]
 30859 | Elf:2    | Lost mutation: Your body has grown many eyes which may
                  | confuse attackers. (Acc +5) [Jiyva's grace]
 30859 | Elf:2    | Gained mutation: Your spells are a little harder to cast,
                  | but a little more powerful. [Jiyva's grace]
 30859 | Elf:2    | Gained mutation: Your spells are harder to cast, but more
                  | powerful. [Jiyva's grace]
 30859 | Elf:2    | Gained mutation: Your spells are much harder to cast, but
                  | much more powerful. [Jiyva's grace]
 30859 | Elf:2    | Gained mutation: You are partially covered in iridescent
                  | scales. (AC +2) [Jiyva's grace]
 31188 | Elf:2    | Upgraded the game from 0.31-a0-1626-g5cb510d322 to
                  | 0.32-a0-7-ge934b4519a
 31228 | Elf:3    | Entered Level 3 of the Elven Halls
 31297 | Elf:3    | Reached XP level 20. HP: 207/214 MP: 19/19
 31643 | Elf:3    | Identified the amulet of Untruth {Spirit rElec Str+4
                  | Stlth+}
 31703 | Elf:3    | Identified the ring of Mistrust {rElec rF+ SInv}
 31704 | Elf:3    | Identified the ring of Uskayaw, Singing {rF+ rC+ rN+ Int+6
                  | Slay-3}
 31706 | Elf:3    | Paralysed by an air elemental for 1 turns
 31728 | Elf:3    | Paralysed by an air elemental for 1 turns
 31864 | Elf:3    | Identified the +4 robe "Anoydwop" {Will+}
 32218 | Elf:3    | Got the Essays on Snow-white Austromancy
 32464 | Elf:3    | Identified the +2 plate armour of the Eleven Seers {+Inv}
 32467 | Elf:3    | Identified the +5 demon trident of Moderation {venom, rElec
                  | rF- rN+}
 32962 | Slime:1  | Entered Level 1 of the Pits of Slime
 32983 | Slime:2  | Noticed Dissolution
 33035 | Slime:5  | Entered Level 5 of the Pits of Slime
 33193 | Slime:5  | Found a viscous altar of Jiyva.
 33197 | Slime:5  | Noticed the Royal Jelly
 33201 | Slime:5  | Got a slimy rune of Zot
 33205 | Slime:5  | Found the ring of the Octopus King
 33206 | Slime:5  | Got a starry gem with 358 turns to spare
 33218 | Slime:5  | Identified the +0 robe "Joeto Yngi" {rC+ rCorr}
 33221 | Slime:5  | Identified the ring of Doggy {rF+ rC+ Int+5}
 33223 | Slime:5  | Identified a ring of the Octopus King {rC+ HP+2 AC+2 EV+2
                  | SH+2}
 33225 | Slime:5  | Identified the +5 war axe of Piog {freeze, Str+3}
 33251 | Slime:5  | Identified the +8 orcbow of Fortitude {elec, rElec rN++
                  | Stlth+}
 33252 | Slime:5  | Identified the +4 quarterstaff of the Forest {drain, rF+
                  | rN+}
 33262 | Slime:5  | Identified the +3 halberd of the Sharing Genius {drain,
                  | *Slow rPois rCorr Int+4}
 33756 | Vaults:1 | Entered Level 1 of the Vaults
 33918 | Vaults:1 | Found a crumbling gateway.
 33925 | Desolati | Entered the Desolation of Salt
 34066 | Desolati | Identified the ring "Oroostru" {Fire rElec rPois rN+++
                  | Will-}
 34110 | Desolati | Got the Discourse on Phantasms
 34217 | Desolati | Got Enadwi's Anthology of Company and the Storm
 34222 | Desolati | Got the Anthology of Graupel and the Crucible
 34224 | Desolati | Identified the +5 whip of Shame {freeze, rC+ rN+ Dex+4}
 34441 | Desolati | Identified the amulet "Fathylorche" {Spirit rF+ Str-2
                  | Dex+5}
 34445 | Abyss:4  | Found a corrupted altar of Lugonu.
 34445 | Abyss:4  | Cast into level 4 of the Abyss (imperial myrmidon)
 34630 | Abyss:4  | Lost mutation: You are agile. (Dex +4, Str/Int -1) [Jiyva's
                  | grace]
 34630 | Abyss:4  | Lost mutation: You are robust. (+10% HP) [Jiyva's grace]
 34630 | Abyss:4  | Lost mutation: Your spells are much harder to cast, but
                  | much more powerful. [Jiyva's grace]
 34630 | Abyss:4  | Gained mutation: You have a small jelly attached to you
                  | that senses nearby items. [Jiyva's grace]
 34630 | Abyss:4  | Gained mutation: You are resistant to electric shocks.
                  | (rElec) [Jiyva's grace]
 34630 | Abyss:4  | Gained mutation: You possess an exceptional clarity of
                  | mind. [Jiyva's grace]
 34630 | Abyss:4  | Gained mutation: Your mind is acute. (Int +4, Str/Dex -1)
                  | [Jiyva's grace]
 34659 | Abyss:4  | Lost mutation: Your rubbery body absorbs attacks. (AC +1,
                  | EV +1) [a neqoxec]
 34694 | Abyss:4  | Gained mutation: You are frail. (-10% HP) [a neqoxec]
 34811 | Desolati | Escaped the Abyss
 34865 | Desolati | Identified the ring of Enue {Will+ MP+9}
 35225 | Vaults:1 | You fall into a shaft and drop 1 floor!
 35241 | Vaults:2 | Reached XP level 21. HP: 185/185 MP: 20/20
 35382 | Vaults:2 | Noticed Margery
 35411 | Vaults:2 | Killed Margery
 35417 | Vaults:2 | Killed the ghostly Margery
 35654 | Vaults:3 | Identified the +6 mace of the Depths {pain, rCorr Stlth+}
 35871 | Vaults:3 | Found a staircase to the Crypt.
 35916 | Vaults:3 | Noticed Zenata
 35942 | Vaults:3 | HP: 8/180 [+1 scimitar of holy wrath[Zenata] (2)]
 35969 | Vaults:3 | HP: 4/180 [yaktaur captain/bolt (24)]
 35972 | Vaults:3 | Shot with a bolt by a yaktaur captain

Illustrated notes

Levels and vault maps discovered:
D:1:      lemuel_arrival_river_bridge, layout_rooms, minmay_misc_feat_encased
D:2:      kennysheep_big_flooded_room, layout_basic, basic_altar
D:3:      minmay_thinvault, layout_loops_corners, mainiacjoe_overflow_alcove_4,
          shapermc_ecumenical_altar_petra, nicolae_twisty_statue_hallways
D:4:      layout_loops_ring, xom_confusion_cloud, gammafunk_ghost_smash,
          serial_shops, shop, dk_vineyard_3
D:5:      layout_rooms, mainiacjoe_overflow_catwalk, minmay_temple_entry_arrows,
          portal_sewer_entry_f
D:6:      layout_basic, minitemple, serial_shops, nicolae_shop_crystal,
          nicolae_figureground_sparkle, uniq_crazy_yiuf_cottage
D:7:      gammafunk_cloud_chamber, layout_loops_corners,
          nicolae_tso_swordbearing_angel, uniq_joseph
D:8:      layout_cave_pools, cheibrodos_ashenzari_chains,
          grunt_lair_entry_orc_guard_hut
D:9:      layout_layer_cave, hellmonk_ghost_happy_afterlife, minivault_21,
          kennysheep_potato, uniq_erolcha
D:10:     layout_rooms, mainiacjoe_overflow_cross_hatched, old_standard_altar,
          nrook_mini_vaults, uniq_harold, uniq_grum
D:11:     layout_basic, kennysheep_orc_monster_closet_entryway,
          kennysheep_generic_room_6
D:12:     layout_irregular_city
D:13:     layout_basic, hangedman_fish_farm, uniq_lodul, uniq_josephine,
          uniq_nessos
D:14:     layout_loops_ring, skrybe_vaults_entry_preservation,
          nicolae_uskayaw_murder_on_the_dancefloor, nicolae_shop_fire_sale
          [nicolae_sub_dead_trees]
D:15:     gammafunk_depths_entry_grave, layout_cave_pods, serial_shops, shop,
          serial_park_paths [serial_park_minivault_5x5_2]
Lair:1:   layout_roguey, basic_altar, gammafunk_ghost_wrathful_warriors,
          lightli_volcano_entry_magma_tube, infiniplex_staircase_pool
Lair:2:   layout_small_grid, minmay_shoals_entry_hut
Lair:3:   dreamdust_cave_troll, layout_cellular_growth,
          spider_nest_entry_funnel_web
Lair:4:   nzn_winding_woodlands_cross [nzn_winding_woodlands_5x15_twine,
          nzn_winding_woodlands_5x15_river_crossing,
          nzn_winding_woodlands_5x15_cabin,
          nzn_winding_woodlands_5x15_pathside_ponds,
          nzn_winding_woodlands_15x15_five_gardens], layout_cave_pods,
          ebering_ghost_xom, serial_bayou_shore_a, uniq_kirke
Lair:5:   gammafunk_lair_ancient_temple, layout_concentric_octagons,
          nicolae_slime_entry_field_trip, guppyfry_lair_drakes
Shoals:1: layout_shoals
Shoals:2: layout_shoals
Shoals:3: layout_shoals, uniq_jorgrun
Shoals:4: shoals_end_simple, layout_shoals,
          portal_ice_cave_entry_ice_statue_one, uniq_aizul, uniq_polyphemus
Spider:1: layout_cave_pods, ebering_ghost_xom, nicolae_spider_shape,
          uniq_asterion
Spider:2: layout_spider_delve, uniq_arachne
Spider:3: layout_cave_pods, nicolae_spider_paper_wasps, uniq_mlioglotl
Spider:4: guppyfry_spider_rune
Slime:1:  layout_caves
Slime:2:  layout_caves, dissolution_awaits
Slime:3:  layout_caves, nicolae_slime_barrier
Slime:4:  layout_caves
Slime:5:  slime_pit
Orc:1:    layout_diamond_mine
Orc:2:    grunt_orc_community_town_hall, layout_caves,
          grunt_orc_community_big_house_2, grunt_orc_community_big_house_2,
          grunt_orc_community_house_2, grunt_orc_community_house_3,
          grunt_orc_community_house_2, grunt_orc_community_house_3,
          grunt_orc_community_house_1
Elf:1:    elf_arrival_002, layout_geoelf_octagon, serial_shops,
          nicolae_shop_real_fake_doors, hangedman_corner_corridor,
          dk_noncrumbling_3, hex_tiny, minmay_elf_sorcery
Elf:2:    elven_hall_of_blades_hangedman_original [mumra_blade_entry_dagger],
          layout_geoelf_grid, serial_shops, shop_coins
Elf:3:    grunt_elf_hall_diamonds, layout_loops_corners
Vaults:1: portal_desolation_entry_nicolae_forbidding_blocks, v_misc_28,
          v_misc_12, v_misc_2, v_misc_23, nicolae_vaults_mitosis,
          vaults_room_corners, nicolae_vaults_tetromino_L_1,
          layout_vaults_omnigrid
Vaults:2: nicolae_vaults_prndl, v_alt_pattern_5, nicolae_vaults_triangles,
          grunt_vaults_focal, nicolae_vaults_stepped_doors,
          ontoclasm_vaults_chip, ontoclasm_vaults_loading_screen,
          grunt_vaults_hallway_long, vaults_dpeg_diagonal,
          nicolae_vaults_angled_halls, v_misc_10, nicolae_vaults_cochlea,
          ontoclasm_vaults_decontamination, v_misc_31, layout_vaults_omnicross,
          uniq_margery
Vaults:3: minmay_crypt_entry_simple_box, nicolae_vaults_closet_pinwheel_6,
          ontoclasm_vaults_ring_small, nicolae_vaults_trapezoid_lopsided_4,
          nicolae_vaults_double_plus_3, vaults_standard_mumra_lines,
          nicolae_vaults_back_hallway, nicolae_vaults_house_1, v_misc_2,
          hangedman_vaults_stitches, nicolae_vaults_heist, v_misc_4,
          nicolae_vaults_double_plus_2, nicolae_vaults_variable_pillar_hall,
          nicolae_vaults_tetromino_T_1, layout_vaults_ring, uniq_zenata

Skill      XL: |  1  2  3  4  5  6  7  8  9 10 11 12 13 14 15 16 17 18 19 20 21 |
---------------+----------------------------------------------------------------+-----
Axes           | 4 5 6 7 8 10 12 14 15 17 18 20 21 22 23 | 23.6
Armour         | 1 2 3 4 5 6 8 9 11 12 13 14 15 16 17 19 20 21 22 | 22.0
Fighting       | 4 5 6 7 9 10 11 12 13 14 15 17 18 19 20 21 22 | 22.1
Dodging        | 4 6 7 9 10 11 12 14 15 17 | 17.7
Shields        | 5 7 9 11 12 14 15 17 18 19 | 19.4

Action                     |  1- 3 |  4- 6 |  7- 9 | 10-12 | 13-15 | 16-18 | 19-21 || total
---------------------------+-------+-------+-------+-------+-------+-------+-------++-------
  Melee: Hand axe          |    86 |    88 |   235 |    23 |       |       |       ||   432
         Headbutt          |    19 |    18 |    55 |    88 |   195 |   238 |   324 ||   937
         Punch             |     1 |       |     2 |     3 |       |       |       ||     6
         War axe           |       |       |       |   359 |   848 |  1009 |  1058 ||  3274
         Kick              |       |       |       |    25 |   323 |   380 |       ||   728
         Unarmed           |       |       |       |       |    16 |       |       ||    16
         Bite              |       |       |       |       |    89 |   153 |    44 ||   286
         Pseudopods        |       |       |       |       |       |    52 |   297 ||   349
 Invoke: Slimify           |       |       |       |     1 |       |     1 |       ||     2
  Evoke: Wand              |       |       |       |       |     1 |       |       ||     1
    Use: Scroll            |     2 |     3 |     4 |     3 |     7 |     7 |     7 ||    33
         Potion            |       |       |       |     1 |     4 |     5 |     9 ||    19
   Stab: Confused          |       |       |       |    14 |       |     1 |     9 ||    24
         Sleeping          |       |       |       |       |    11 |     2 |       ||    13
         Distracted        |       |       |       |       |     2 |       |     1 ||     3
 Armour: Robe              |     9 |       |       |       |       |       |       ||     9
         Leather armour    |    22 |       |       |       |       |       |       ||    22
         Scale mail        |    18 |    56 |   163 |    11 |       |       |       ||   248
         Acid dragon scale |       |       |       |    21 |       |       |       ||    21
         Plate armour      |       |       |       |   213 |   506 |   888 |       ||  1607
         Skin              |       |       |       |       |    17 |       |       ||    17
         Chain mail        |       |       |       |       |       |   414 |   814 ||  1228
  Dodge: Dodged            |    40 |    49 |   134 |   228 |   552 |  1047 |   548 ||  2598
  Block: Buckler           |       |       |       |    23 |   245 |   544 |   384 ||  1196

Table legend: (Time is in decaauts)
 A = Elapsed time spent in this place.
 B = Non-inter-level travel time spent in this place.
 C = Inter-level travel time spent in this place.
 D = Time resting spent in this place.
 E = Time spent auto-exploring this place.
 F = Levels seen in this place.
 G = Mean time per level.
                   A        B        C        D        E       F      G
               +--------+--------+--------+--------+--------+-----+--------+
         Total |  36164 |  32854 |   3310 |    890 |  16331 |  45 |  803.6 |
       Dungeon |  13838 |  11759 |   2079 |     99 |   7671 |  15 |  922.5 |
          Lair |   5471 |   4897 |    574 |    168 |   3191 |   5 | 1094.2 |
        Shoals |   3673 |   3589 |     84 |    134 |    697 |   4 |  918.2 |
   Spider Nest |   4262 |   4020 |    242 |    152 |   2231 |   4 | 1065.5 |
    Slime Pits |    565 |    500 |     65 |      0 |    240 |   5 |  113.0 |
  Orcish Mines |   1636 |   1552 |     84 |    226 |    767 |   2 |  818.0 |
   Elven Halls |   3779 |   3599 |    180 |     79 |   1101 |   3 | 1259.7 |
        Vaults |   1047 |   1047 |      0 |     32 |     68 |   3 |  349.0 |
         Abyss |    336 |    336 |      0 |      0 |      0 |   1 |  336.0 |
         Sewer |    368 |    368 |      0 |      0 |     72 |   1 |  368.0 |
      Ice Cave |    472 |    472 |      0 |      0 |     98 |   1 |  472.0 |
    Desolation |    712 |    712 |      0 |      0 |    192 |   1 |  712.0 |
               +--------+--------+--------+--------+--------+-----+--------+

Top non-repeatable levels by time:
  Lair:4: 1594 daAuts
   Elf:3: 1401 daAuts
     D:9: 1341 daAuts
     D:7: 1336 daAuts
Spider:3: 1263 daAuts
     D:3: 1262 daAuts
   Elf:2: 1211 daAuts
Shoals:4: 1192 daAuts
   Elf:1: 1166 daAuts
Spider:4: 1108 daAuts
    D:11: 1068 daAuts
   Orc:2: 1045 daAuts
     D:4: 1042 daAuts
Spider:1: 1034 daAuts
  Lair:3: 1029 daAuts
